 Dungeon Sprint DCSS version 0.30-a0-56-ge6a4009bfd (webtiles) character file.

Game seed: 4196495687909432778

37 rocky1 the Vexing (level 3, -1/29 HPs)
             Began as a Gnoll Arcane Marksman on Sept 11, 2022.
             Was an Initiate of Gozag.
             Slain by a gnoll bouda
             ... wielding a +0 club
              (10 damage)
             ... in the Dungeon (Sprint VII: "The Pits").
             The game lasted 00:02:12 (122 turns).

rocky1 the Vexing (Gnoll Arcane Marksman)            Turns: 122, Time: 00:02:13

Health: -1/29      AC:  2    Str:  9    XL:     3   Next: 39%
Magic:  7/8        EV: 14    Int: 12    God:    Gozag
Gold:   261        SH:  0    Dex: 14    Spells: 8/9 levels left

rFire   . . .      SeeInvis .    b - +2 falchion
rCold   . . .      Faith    .    (no shield)
rNeg    . . .      Spirit   .    c - +0 robe
rPois   .          Reflect  .    (no helmet)
rElec   .          Harm     .    (no cloak)
rCorr   .          Rampage  .    (no gloves)
Will    .....      NoTele   +    (no boots)
Stlth   ++........               (no amulet)
HPRegen 0.09/turn                (no ring)
MPRegen 0.11/turn                (no ring)

@: gold aura, on berserk cooldown, slowed, invisible, very slow
A: fangs 1, strong nose, distributed training
a: Renounce Religion, Potion Petition, Call Merchant, Bribe Branch


You were in the Dungeon.
You worshipped Gozag.
Gozag was aware of your devotion.
You visited 1 branch You collected 261 gold pieces.

Inventory:

Hand Weapons
 a - a +1 sling
 b - a +2 falchion (weapon)
Armour
 c - a +0 robe (worn)
Scrolls
 i - a scroll of blinking
 k - 5 scrolls of amnesia
 l - a scroll of summoning
 m - a scroll of poison
Potions
 f - a potion of haste
 g - 4 potions of magic
 h - 2 potions of berserk rage
 j - a potion of invisibility


   Skills:
 + Level 3.3 Fighting
 + Level 2.1 Short Blades
 + Level 2.1 Long Blades
 + Level 2.1 Axes
 + Level 2.1 Maces & Flails
 + Level 2.1 Polearms
 + Level 2.1 Staves
 + Level 5.0 Ranged Weapons
 + Level 2.1 Throwing
 + Level 2.1 Armour
 + Level 5.0 Dodging
 + Level 2.1 Stealth
 + Level 2.1 Shields
 + Level 2.1 Unarmed Combat
 + Level 3.5 Spellcasting
 + Level 1.6 Conjurations
 + Level 5.7 Hexes
 + Level 1.6 Summonings
 + Level 1.6 Necromancy
 + Level 1.6 Translocations
 + Level 1.6 Transmutations
 + Level 1.6 Fire Magic
 + Level 1.6 Ice Magic
 + Level 1.6 Air Magic
 + Level 1.6 Earth Magic
 + Level 1.6 Poison Magic
 + Level 2.3 Invocations
 + Level 2.1 Evocations


You had 8 spell levels left.
You knew the following spells:

 Your Spells              Type           Power      Damage    Failure   Level
a - Slow                  Hex            60%        N/A       2%          1

Your spell library contained the following spells:

 Spells                   Type           Power      Damage    Failure   Level
 Inner Flame              Hex/Fire       10%        N/A       16%         3
 Portal Projectile        Hex/Tloc       20%        N/A       16%         3
 Cause Fear               Hex            7%         N/A       22%         4


Dungeon Overview and Level Annotations

Branches:
Dungeon (1/1)

Altars:
Ashenzari
Cheibriados
Dithmenos
Elyvilon
Fedhas
Gozag
Hepliaklqana
Kikubaaqudgha
Makhleb
Nemelex Xobeh
Okawaru
Qazlal
Ru
Sif Muna
Trog
Uskayaw
Vehumet
Wu Jian
Xom
Yredelemnul
Zin
The Shining One
Jiyva
Lugonu


Innate Abilities, Weirdness & Mutations

You have very sharp teeth.
Your uncanny sense of smell can sniff out nearby items.
Your experience applies equally to all skills.


Message History

You slash the gnoll!
You kill the gnoll!
The gnoll is no longer moving quickly.
The gnoll closely misses you.
Your Short Blades skill increases to level 2!
Your Long Blades skill increases to level 2!
Your Axes skill increases to level 2!
Your Maces & Flails skill increases to level 2!
Your Polearms skill increases to level 2!
Your Staves skill increases to level 2!
Your Ranged Weapons skill increases to level 5!
Your Throwing skill increases to level 2!
Your Armour skill increases to level 2!
Your Dodging skill increases to level 5!
Your Stealth skill increases to level 2!
Your Shields skill increases to level 2!
Your Unarmed Combat skill increases to level 2!
Your Evocations skill increases to level 2!
Unknown command.
The gnoll bouda barks out a call to the hunt!
The gnolls pick up the pace!
There is an open door, spattered with blood here.
Things that are here:
81 gold pieces; a +0 club You closely miss the gnoll bouda.
The gnoll bouda is heavily wounded.
The gnoll barely misses you. The gnoll bouda misses you.
The gnoll closely misses you. The gnoll bouda misses you.
You hit the gnoll bouda but do no damage.
Your bite misses the gnoll bouda.
The gnoll bouda is heavily wounded.
The gnoll hits you with a +0 spear. The gnoll barely misses you.
The gnoll bouda misses you. The gnoll barely misses you.
The gnoll closely misses you. The gnoll bouda barely misses you.
You completely miss the gnoll bouda.
The gnoll bouda is moderately wounded.
The gnoll misses you. The gnoll bouda barely misses you.
The gnoll barely misses you.
The gnoll bouda hits you with a +0 club!
You die...
Your body crumbles into a pile of gold.

#_______...##########
##########'##........
#.?(.')))'.##......#.
##########.##........
#...........†........
#+#####)#####......#.
#..#..#..##........
#$$)..'..#####'####
##@####+###.......#
#ggg.....##.......#
#........##.......#
#####+#####...<...#
∆∆∆∆∆ #.......# ∆∆∆∆∆
#.......# #.......#
#########


You could see a gnoll bouda (unable to see you) and 2 gnolls.

Vanquished Creatures
  2 gnolls (D)
  An ufetubus (D)
  3 orcs (D)
  2 giant cockroaches (D)
  2 bats (D)
  A quokka skeleton (D)
11 creatures vanquished.

Notes
Turn   | Place    | Note
-------+----------+-------------------------------------------
     0 | D        | rocky1 the Gnoll Arcane Marksman began the quest for the
                  | Orb.
     0 | D        | Reached XP level 1. HP: 17/17 MP: 4/4
    19 | D        | Found a bloodstained altar of Trog.
    19 | D        | Found a shimmering blue altar of Sif Muna.
    19 | D        | Found a viscous altar of Jiyva.
    19 | D        | Found a hazy altar of Hepliaklqana.
    19 | D        | Found an opulent altar of Gozag.
    20 | D        | Found a glowing golden altar of the Shining One.
    20 | D        | Found a glowing silver altar of Zin.
    20 | D        | Found a basalt altar of Yredelemnul.
    20 | D        | Found a shimmering altar of Xom.
    20 | D        | Found an ornate altar of the Wu Jian Council.
    20 | D        | Found a sacrificial altar of Ru.
    20 | D        | Found a stormy altar of Qazlal.
    20 | D        | Found an iron altar of Okawaru.
    20 | D        | Found a sparkling altar of Nemelex Xobeh.
    20 | D        | Found a burning altar of Makhleb.
    20 | D        | Found a blossoming altar of Fedhas.
    20 | D        | Found a white marble altar of Elyvilon.
    20 | D        | Found a shadowy altar of Dithmenos.
    20 | D        | Found a snail-covered altar of Cheibriados.
    23 | D        | Found a corrupted altar of Lugonu.
    23 | D        | Found a radiant altar of Vehumet.
    24 | D        | Found an ancient bone altar of Kikubaaqudgha.
    24 | D        | Found a hide-covered altar of Uskayaw.
    24 | D        | Found a broken altar of Ashenzari.
    27 | D        | Became a worshipper of Gozag Ym Sagoz the Greedy
    75 | D        | Reached skill level 1 in Invocations
    78 | D        | Reached skill level 1 in Short Blades
    78 | D        | Reached skill level 1 in Long Blades
    78 | D        | Reached skill level 1 in Axes
    78 | D        | Reached skill level 1 in Maces & Flails
    78 | D        | Reached skill level 1 in Polearms
    78 | D        | Reached skill level 1 in Staves
    78 | D        | Reached skill level 1 in Throwing
    78 | D        | Reached skill level 1 in Armour
    78 | D        | Reached skill level 1 in Stealth
    78 | D        | Reached skill level 1 in Shields
    78 | D        | Reached skill level 1 in Unarmed Combat
    78 | D        | Reached skill level 1 in Conjurations
    78 | D        | Reached skill level 1 in Summonings
    78 | D        | Reached skill level 1 in Necromancy
    78 | D        | Reached skill level 1 in Translocations
    78 | D        | Reached skill level 1 in Transmutations
    78 | D        | Reached skill level 1 in Fire Magic
    78 | D        | Reached skill level 1 in Ice Magic
    78 | D        | Reached skill level 1 in Air Magic
    78 | D        | Reached skill level 1 in Earth Magic
    78 | D        | Reached skill level 1 in Poison Magic
    78 | D        | Reached skill level 1 in Evocations
    78 | D        | Reached XP level 2. HP: 23/23 MP: 6/6
   104 | D        | Reached XP level 3. HP: 28/29 MP: 7/7
   119 | D        | Reached skill level 5 in Ranged Weapons
   119 | D        | Reached skill level 5 in Dodging
   122 | D        | Slain by a gnoll bouda

Illustrated notes

Levels and vault maps discovered:
D:        pitsprint [storerooms_1, entrance_room_1, metal_vault_6, armoury_2,
          mini_pit_1, grid_room_1, main_hall_1, silver_pit, the_coven_3,
          the_vestibule_1, steel_vault_1, golden_pit, hallway_of_sentries,
          crystal_vault_3, iron_vault_5, final_vault]

Skill      XL: |  1  2  3 |
---------------+----------+-----
Invocations    | 1 2 |  2.3
Short Blades   | 1 2 |  2.1
Long Blades    | 1 2 |  2.1
Axes           | 1 2 |  2.1
Maces & Flails | 1 2 |  2.1
Polearms       | 1 2 |  2.1
Staves         | 1 2 |  2.1
Throwing       | 1 2 |  2.1
Armour         | 1 2 |  2.1
Stealth        | 1 2 |  2.1
Shields        | 1 2 |  2.1
Unarmed Combat | 1 2 |  2.1
Spellcasting   | 3 |  3.5
Conjurations   | 1 |  1.6
Summonings     | 1 |  1.6
Necromancy     | 1 |  1.6
Translocations | 1 |  1.6
Transmutations | 1 |  1.6
Fire Magic     | 1 |  1.6
Ice Magic      | 1 |  1.6
Air Magic      | 1 |  1.6
Earth Magic    | 1 |  1.6
Poison Magic   | 1 |  1.6
Evocations     | 1 2 |  2.1
Fighting       | 3 |  3.3
Ranged Weapons | 5 |  5.0
Dodging        | 5 |  5.0
Hexes          | |  5.7

Action                   || total
-------------------------++-------
Melee: Falchion          ||    27
       Bite              ||     4
 Fire: Sling             ||     7
 Cast: Slow              ||     1
  Use: Potion            ||     4
 Stab: Invisible         ||     1
Armor: Robe              ||     3
Dodge: Dodged            ||    38

Table legend: (Time is in decaauts)
 A = Elapsed time spent in this place.
 B = Non-inter-level travel time spent in this place.
 C = Inter-level travel time spent in this place.
 D = Time resting spent in this place.
 E = Time spent auto-exploring this place.
 F = Levels seen in this place.
 G = Mean time per level.
                   A        B        C        D        E       F      G
               +--------+--------+--------+--------+--------+-----+--------+
         Total |    127 |    127 |      0 |      0 |      0 |   1 |  127.0 |
       Dungeon |    127 |    127 |      0 |      0 |      0 |   1 |  127.0 |
               +--------+--------+--------+--------+--------+-----+--------+

Top non-repeatable levels by time:
       D: 127 daAuts
